 Dungeon Crawl Stone Soup version 0.27.1 (webtiles) character file.

Game seed: 1960291852594056295

1460 nxtlvl the Grappler (level 8, -2/111 HPs)
             Began as a Troll Abyssal Knight on Sept 4, 2021.
             Was a Believer of Lugonu.
             Slain by a manticore (6 damage)
             ... on level 8 of the Dungeon.
             The game lasted 00:12:31 (1385 turns).

nxtlvl the Grappler (Troll Abyssal Knight)          Turns: 1385, Time: 00:12:34

Health: -2/111     AC:  4    Str: 21    XL:     8   Next: 48%
Magic:  8/8        EV:  9    Int: 10    God:    Lugonu [**....]
Gold:   183        SH:  0    Dex:  9    Spells: 7/7 levels left

rFire    . . .     SeeInvis .     - Unarmed
rCold    . . .     Faith    .   (no shield)
rNeg     + . .     Spirit   .   a - +0 robe
rPois    .         Reflect  .   (helmet restricted)
rElec    .         Harm     +   b - scarf {harm}
rCorr    .         Rampage  .   (gloves unavailable)
Will     .....                  (boots unavailable)
Stlth    ..........             (no amulet)
HPRegen  1.28/turn              s - ring of positive energy
MPRegen  0.11/turn              (no ring)

@: berserking, very quick
A: large, unfitting armour, claws 3, regeneration 1, shaggy fur 1, tough skin 1
a: Renounce Religion, Depart the Abyss, Bend Space


You were on level 8 of the Dungeon.
You worshipped Lugonu.
Lugonu was pleased with you.
You visited 1 branch of the dungeon, and saw 9 of its levels.
You visited the Abyss 1 time.

You collected 183 gold pieces.

Inventory:

Missiles
 n - 3 throwing nets
 r - 14 poisoned darts (quivered)
Armour
 a - a +0 robe (worn)
 b - a scarf of harm (worn)
Jewellery
 s - a ring of positive energy (left claw)
Wands
 k - a wand of flame (7)
 o - a wand of paralysis (5)
 v - a wand of charming (3)
Scrolls
 c - 2 scrolls of identify {unknown}
 f - 2 scrolls of noise {unknown}
 h - 2 scrolls of amnesia {unknown}
 i - 3 scrolls of enchant armour {unknown}
 j - 2 scrolls of fear {unknown}
 l - a scroll of vulnerability {unknown}
 q - a scroll of teleportation {unknown}
 t - a scroll of summoning {unknown}
 u - 3 scrolls of magic mapping {unknown}
Potions
 d - a potion of berserk rage
 e - a potion of might {unknown}
 g - 2 potions of curing {unknown}
 m - a potion of degeneration {unknown}
 p - a potion of flight {unknown}
 w - a potion of lignification {unknown}


   Skills:
 + Level 2.6 Fighting
 - Level 1.9 Dodging
 * Level 10.5 Unarmed Combat
 + Level 1.9 Invocations


You had 7 spell levels left.
You didn't know any spells.
Your spell library was empty.

Dungeon Overview and Level Annotations

Branches:
Dungeon (9/15)
 Temple: D:4-7         Lair: D:8-11         Orc: D:9-12

Altars:
Cheibriados
Nemelex Xobeh
Qazlal

Shops:
D:7 =

Annotations:
D:3 1 runed translucent door, ZARRMARR's ghost, amateur OpCj
D:8 3 runed translucent doors, ZARRMARR's ghost, novice DEEE


Innate Abilities, Weirdness & Mutations

You are too large for most types of armour.
You have claws for hands.
Your natural rate of healing is unusually fast.
You are covered in fur. (AC +1)
You have tough skin. (AC +1)


Message History

The bullfrog hits you!
You scratch the bullfrog.
The bullfrog is almost dead.
The bullfrog closely misses you.
You claw the bullfrog!
You kill the bullfrog!
Lugonu accepts your kill.
A manticore comes into view.
A kobold comes into view. It is wielding a +0 club.
The kobold shouts!
You hear a shout!
The kobold throws a stone.
The stone hits you but does no damage.
You claw the kobold!
You kill the kobold!
Lugonu accepts your kill.
You scratch the manticore but do no damage.
You barely miss the manticore. The manticore barely misses you. x2
The manticore claws you.
You claw the manticore! Your claw misses the manticore.
The manticore is lightly wounded.
The manticore bites you! The manticore claws you.
The manticore barely misses you.
You scratch the manticore but do no damage.
The manticore is lightly wounded.
The manticore bites you!
The manticore claws you but does no damage. x2
You scratch the manticore.
The manticore is lightly wounded.
The manticore bites you!
* * * LOW HITPOINT WARNING * * *
The manticore claws you.
* * * LOW HITPOINT WARNING * * *
The manticore barely misses you.
It was a potion of berserk rage.
A red film seems to cover your vision as you go berserk!
You feel yourself moving faster!
You feel mighty! The manticore bites you.
* * * LOW HITPOINT WARNING * * *
The manticore claws you!
* * * LOW HITPOINT WARNING * * *
The manticore claws you.
You die...

#... .## ##..##..# .
#....... .#......# K......#
### . #....# ##.###### .8.
#....###....#..#
.....#.....#........#######
....H......#@.............#
......##.##H....##.######.##
..........##....#### ###).#
....##.........## #....#
...H ##.......## #....# ...
##......#### #.8..# ..
.........#.## #....#
...>.......... #.8..#
##..#.........### #...##


You could see a manticore.

Vanquished Creatures
  Pikel (D:7)
  A hornet zombie (D:7)
  A centaur (D:6)
  2 lemures (D:7)
  A kobold brigand (D:7)
  3 bullfrogs
  A scorpion (D:7)
  A wyvern zombie (D:7)
  4 killer bees
  2 centaur zombies
  A hound (D:5)
  3 iguanas
  A killer bee zombie (D:7)
  4 gnolls (D:6)
  2 adders (D:6)
  3 orcs
  2 ball pythons
  An endoplasm (D:4)
  A goblin (D:1)
  A hobgoblin (D:1)
  A bat (D:1)
  A frilled lizard (D:1)
  5 kobolds
  2 rats (D:1)
45 creatures vanquished.

Notes
Turn   | Place    | Note
-------+----------+-------------------------------------------
     0 | Abyss:1  | nxtlvl the Troll Abyssal Knight began the quest for the
                  | Orb.
     0 | Abyss:1  | Reached XP level 1. HP: 22/22 MP: 1/1
    79 | Abyss:1  | Found a corrupted altar of Lugonu.
   105 | D:1      | Escaped the Abyss
   243 | D:3      | Noticed ZARRMARR's ghost (amateur OpCj)
   249 | D:3      | Found a runed translucent door.
   289 | D:4      | Reached XP level 2. HP: 25/29 MP: 2/2
   332 | D:5      | Entered Level 5 of the Dungeon
   338 | D:5      | Reached skill level 3 in Unarmed Combat
   338 | D:5      | Reached XP level 3. HP: 30/36 MP: 3/3
   396 | D:6      | Reached skill level 4 in Unarmed Combat
   398 | D:6      | Noticed a centaur
   404 | D:6      | Killed a centaur
   405 | D:6      | Reached skill level 5 in Unarmed Combat
   405 | D:6      | Reached XP level 4. HP: 37/44 MP: 4/4
   405 | D:6      | Reached XP level 5. HP: 43/50 MP: 5/5
   415 | D:7      | Noticed a lemure
   415 | D:7      | Noticed a lemure
   423 | D:6      | Noticed an ogre
   490 | D:6      | Found a snail-covered altar of Cheibriados.
   605 | D:6      | Reached skill level 6 in Unarmed Combat
   639 | D:6      | Found a sparkling altar of Nemelex Xobeh.
   700 | D:7      | Reached ** piety under Lugonu
   701 | D:7      | Reached XP level 6. HP: 55/59 MP: 6/6
   718 | D:7      | Found Vojobo's Jewellery Shoppe.
   741 | D:7      | Reached skill level 7 in Unarmed Combat
   795 | D:7      | Reached XP level 7. HP: 32/66 MP: 7/7
   851 | D:7      | Noticed Pikel
   895 | D:7      | Killed Pikel
   896 | D:7      | Reached skill level 9 in Unarmed Combat
   896 | D:7      | Reached XP level 8. HP: 21/74 MP: 8/8
  1081 | D:8      | Found a stormy altar of Qazlal.
  1103 | D:9      | Noticed a two-headed ogre
  1116 | D:8      | Reached skill level 10 in Unarmed Combat
  1279 | D:8      | Noticed a centaur warrior
  1280 | D:8      | Found a runed translucent gate.
  1280 | D:8      | Noticed ZARRMARR's ghost (novice DEEE)
  1284 | D:8      | Found a runed translucent gate.
  1284 | D:8      | Found a runed translucent gate.
  1367 | D:8      | Noticed a manticore
  1385 | D:8      | HP: 4/111 [manticore (12)]
  1385 | D:8      | Slain by a manticore

Illustrated notes

Levels and vault maps discovered:
D:1:      nagdon_arrival_zigzag_paths, layout_loops_ring,
          chequers_ecumenical_altar_simple
D:2:      layout_basic, grunt_decor_arrowhead
D:3:      layout_basic, hellmonk_ghost_happy_afterlife
D:4:      layout_basic, tgw_kikubaaqudgha, makhleb_blood_cavern_becter,
          minmay_temple_entry_fiery, uniq_natasha
D:5:      layout_basic
D:6:      layout_rooms, mainiacjoe_overflow_catwalk, nemelex_altar_shiori
D:7:      layout_basic, serial_shops, shop, minmay_misc_feat_four_crosses,
          uniq_pikel
D:8:      layout_cave_pools, nicolae_qazlal_scattered_showers,
          serial_column_ruins, column_ruins_hut_water, column_ruins_open_medium,
          column_ruins_columns_straight, column_ruins_corridor_straight,
          column_ruins_corridor_plus, column_ruins_columns_straight,
          gammafunk_ghost_split, serial_shops, shop
D:9:      gammafunk_cloud_chamber, layout_basic, amcnicky_altar_gilded,
          kennysheep_boxes

Skill      XL: |  1  2  3  4  5  6  7  8 |
---------------+-------------------------+-----
Unarmed Combat | 3 5 6 7 9 10 | 10.5
Fighting       | |  2.6
Dodging        | |  1.9
Invocations    | |  1.9

Action                   |  1- 3 |  4- 6 |  7- 9 || total
-------------------------+-------+-------+-------++-------
Melee: Unarmed           |    34 |    66 |    81 ||   181
       Punch             |     1 |     1 |     3 ||     5
Throw: Dart              |       |       |     5 ||     5
  Use: Potion            |       |       |     1 ||     1
 Stab: Sleeping          |     1 |       |       ||     1
Armor: Robe              |    15 |    11 |    17 ||    43
Dodge: Dodged            |    17 |    28 |    27 ||    72
